 Dungeon Crawl Stone Soup version 0.29-a0-359-g541a27f54d (webtiles) character file.

Game seed: 10782014351872467303

184 Agony the Skirmisher (level 5, -5/47 HPs)
             Began as a Minotaur Fighter on Apr 27, 2022.
             Killed from afar by an orc wizard (11 damage)
             ... with a puff of flame
             ... on level 4 of the Dungeon.
             The game lasted 00:04:55 (3842 turns).

Agony the Skirmisher (Minotaur Fighter)             Turns: 3842, Time: 00:04:56

Health: -5/47      AC: 11    Str: 23    XL:     5   Next: 36%
Magic:  4/4        EV:  9    Int:  5    God:
Gold:   91         SH:  4    Dex:  9    Spells: 4/4 levels left

rFire   . . .      SeeInvis .   t - +0 morningstar
rCold   . . .      Faith    .   c - +0 buckler
rNeg    . . .      Spirit   .   b - +0 scale mail
rPois   .          Reflect  .   (helmet restricted)
rElec   .          Harm     .   s - +0 cloak
rCorr   .          Rampage  .   (no gloves)
Will    .....                   q - +2 pair of boots
Stlth   ..........              (no amulet)
HPRegen 0.15/turn               (no ring)
MPRegen 0.09/turn               (no ring)

@: no status effects
A: horns 2, retaliatory headbutt
a: no special abilities


You were on level 4 of the Dungeon.
You visited 1 branch of the dungeon, and saw 4 of its levels.

You collected 124 gold pieces.
You spent 33 gold pieces at shops.

Inventory:

Hand Weapons
 a - a +0 flail
 t - a +0 morningstar (weapon)
Armour
 b - a +0 scale mail (worn)
 c - a +0 buckler (worn)
 q - a +2 pair of boots (worn)
 s - a +0 cloak (worn)
Jewellery
 u - a ring of wizardry
Wands
 r - a wand of flame (17)
Scrolls
 g - a scroll of blinking {unknown}
 h - a scroll of amnesia
 i - a scroll of noise {unknown}
 j - 2 scrolls of identify {unknown}
 k - a scroll of teleportation {unknown}
 n - 2 scrolls of magic mapping {unknown}
 o - a scroll of enchant armour {unknown}
Potions
 d - 2 potions of might
 e - a potion of mutation {unknown}
 f - a potion of flight {unknown}
 l - a potion of curing
 m - a potion of heal wounds {unknown}
 p - 2 potions of ambrosia {unknown}
 v - a potion of haste {unknown}


   Skills:
 + Level 4.9 Fighting
 + Level 4.0 Maces & Flails
 + Level 4.7 Armour
 + Level 4.8 Shields


You had 4 spell levels left.
You didn't know any spells.
Your spell library was empty.

Dungeon Overview and Level Annotations

Branches:
Dungeon (4/15)
 Temple: D:4-7

Altars:

Shops:
D:2 !


Innate Abilities, Weirdness & Mutations

You have a pair of horns on your head.
You reflexively headbutt those who attack you in melee.


Message History

You hit something but do no damage.
You hear some strange, mumbled words.
You are confused.
You completely miss something.
You hear some strange, mumbled words.
Something tries to affect you, but you resist.
The orc priest looks braver for a moment.
The orc priest calls down the wrath of Beogh upon you.
Beogh smites you! Something hits you but does no damage.
You miss something. Something hits you but does no damage.
You bump into the rock wall.
Something hits you.
You completely miss something. Something hits you but does no damage.
You closely miss something.
You feel less confused.
You hear some strange, mumbled words.
Something tries to affect you, but you resist.
Something hits you but does no damage.
You hear some strange, mumbled words.
A puff of flame appears from out of thin air!
The puff of flame hits something!
Something hits you but does no damage.
You hear some strange, mumbled words.
Something tries to affect you, but you resist.
You see here a worm corpse.
The orc priest calls down the wrath of Beogh upon you.
Beogh smites you!
A magic dart appears from out of thin air!
The magic dart hits you!
* * * LOW HITPOINT WARNING * * *
The orc priest looks encouraged for a moment.
A magic dart appears from out of thin air!
The magic dart hits you.
* * * LOW HITPOINT WARNING * * *
Okay, then.
As you read the scroll labelled ZOESYC ZUISKAO, it crumbles to dust.
It is a scroll of amnesia.
You feel forgetful for a moment.
A puff of flame appears from out of thin air!
The puff of flame hits you!
You die...

### ### #.#######.###
#...@.†.{{..# ###
########.#######o##.....
........................
########.#######.##.####
#.#.. #o# # #.#.# ...
#.#.####### #..........
#######.###########


You could see an orc priest.

Vanquished Creatures
  An orc priest (D:3)
  A jelly (D:4)
  5 adders
  2 worms
  2 dart slugs
  6 orcs (D:3)
  10 endoplasms
  2 giant cockroaches
  4 goblins
  3 jackals (D:2)
  2 quokkas
  6 ball pythons
  8 bats
  3 frilled lizards
  7 kobolds
  4 rats
66 creatures vanquished.

Notes
Turn   | Place    | Note
-------+----------+-------------------------------------------
     0 | D:1      | Agony the Minotaur Fighter began the quest for the Orb.
     0 | D:1      | Reached XP level 1. HP: 19/19 MP: 0/0
    59 | D:1      | Found a faded altar of an unknown god.
   401 | D:1      | Reached XP level 2. HP: 27/27 MP: 1/1
   675 | D:1      | You fall into a shaft and drop 1 floor!
  1172 | D:2      | Reached XP level 3. HP: 14/33 MP: 2/2
  1483 | D:2      | Found Duimuosk's Distillery.
  1493 | D:2      | Bought a potion of curing for 33 gold pieces
  2445 | D:3      | Reached XP level 4. HP: 4/41 MP: 3/3
  3205 | D:3      | Identified the +0 robe of Reason {rElec Str-3 Int+3}
  3696 | D:4      | Reached XP level 5. HP: 42/47 MP: 4/4
  3842 | D:4      | Killed from afar by an orc wizard

Illustrated notes

Levels and vault maps discovered:
D:1:      giann_wishing_wells, layout_loops_ring,
          ebering_ecumenical_altar_petrified, minmay_misc_feat_columns
D:2:      layout_loops_corners, serial_shops, nicolae_lakefront_shop
D:3:      minmay_chambers_of_threes, layout_basic
D:4:      layout_basic, st_stairs_6, uniq_edmund

Skill      XL: |  1  2  3  4  5 |
---------------+----------------+-----
Fighting       | 4 |  4.9
Armour         | 4 |  4.7
Shields        | 4 |  4.8
Maces & Flails | 3 4 |  4.0

Action                   |  1- 3 |  4- 6 || total
-------------------------+-------+-------++-------
Melee: Flail             |    92 |     1 ||    93
       Headbutt          |     8 |     8 ||    16
       Morningstar       |       |    53 ||    53
  Use: Scroll            |       |     1 ||     1
Armor: Scale mail        |    50 |    33 ||    83
Dodge: Dodged            |    34 |    22 ||    56
Block: Buckler           |    18 |    10 ||    28

Table legend: (Time is in decaauts)
 A = Elapsed time spent in this place.
 B = Non-inter-level travel time spent in this place.
 C = Inter-level travel time spent in this place.
 D = Time resting spent in this place.
 E = Time spent auto-exploring this place.
 F = Levels seen in this place.
 G = Mean time per level.
                   A        B        C        D        E       F      G
               +--------+--------+--------+--------+--------+-----+--------+
         Total |   3887 |   3633 |    254 |    566 |   2617 |   4 |  971.8 |
       Dungeon |   3887 |   3633 |    254 |    566 |   2617 |   4 |  971.8 |
               +--------+--------+--------+--------+--------+-----+--------+

Top non-repeatable levels by time:
     D:3: 1495 daAuts
     D:2: 1146 daAuts
     D:1: 1075 daAuts
     D:4: 169 daAuts
